 Dungeon Crawl Stone Soup version 0.29.0-11-gd7f09526c8 (console) character file.

Game seed: 3587052274644964987

290 jejorda2 the Magician (level 6, -8/36 HPs)
             Began as a Kobold Hedge Wizard on Sept 4, 2022.
             Mangled by Duvessa
             ... wielding a +0 rapier
              (13 damage)
             ... on level 4 of the Dungeon.
             The game lasted 00:11:09 (4129 turns).

jejorda2 the Magician (Kobold Hedge Wizard)         Turns: 4129, Time: 00:11:10

Health: -8/36      AC:  5    Str:  7    XL:     6   Next: 58%
Magic:  4/12       EV: 14    Int: 17    God:
Gold:   207        SH:  0    Dex: 15    Spells: 9/13 levels left

rFire   . . .      SeeInvis .   a - +2 dagger (drain)
rCold   . . .      Faith    .   (no shield)
rNeg    . . .      Spirit   .   i - +0 leather armour
rPois   .          Reflect  .   p - +1 helmet
rElec   .          Harm     .   (no cloak)
rCorr   .          Rampage  .   (no gloves)
Will    .....                   (no boots)
Stlth   +++.......              (no amulet)
HPRegen 0.12/turn               (no ring)
MPRegen 0.13/turn               (no ring)

@: no status effects
A: small, no large weapons, nightstalker 3
a: no special abilities


You were on level 4 of the Dungeon.
You visited 1 branch of the dungeon, and saw 4 of its levels.

You collected 207 gold pieces.

Inventory:

Hand Weapons
 a - a +2 dagger of draining (weapon)
 b - a +3 rapier of holy wrath
 h - a +0 dagger of protection
Missiles
 k - 15 poisoned darts
 m - 14 stones
 q - 3 boomerangs
Armour
 i - a +0 leather armour (worn)
 p - a +1 helmet (worn)
Scrolls
 r - 2 scrolls of enchant weapon
Potions
 d - a potion of magic
 f - a potion of heal wounds
 n - a potion of lignification


   Skills:
 + Level 2.6 Fighting
 - Level 2.4 Dodging
 - Level 2.6 Stealth
 + Level 4.2 Spellcasting
 * Level 3.7 Conjurations
 - Level 1.0 Summonings
 - Level 1.0 Translocations
 + Level 1.8 Air Magic
 + Level 1.7 Poison Magic


You had 9 spell levels left.
You knew the following spells:

 Your Spells              Type           Power      Damage    Failure   Level
a - Magic Dart            Conj           64%        1d6       4%          1
b - Mephitic Cloud        Conj/Pois/Air  11%        N/A       26%         3

Your spell library contained the following spells:

 Spells                   Type           Power      Damage    Failure   Level
 Apportation              Tloc           14%        N/A       16%         1
 Summon Small Mammal      Summ           28%        N/A       16%         1
 Necrotise                Necr           12%        1d4       24%         1
 Slow                     Hex            12%        N/A       24%         1
 Blink                    Tloc           14%        N/A       24%         2
 Call Imp                 Summ           7%         N/A       24%         2
 Conjure Flame            Conj/Fire      10%        6-21      32%         3


Dungeon Overview and Level Annotations

Branches:
Dungeon (4/15)
 Temple: D:4-7

Altars:
Dithmenos

Annotations:
D:4 Duvessa


Innate Abilities, Weirdness & Mutations

You are small and have problems with some larger weapons.
You are completely attuned to the shadows.


Message History

You completely miss Duvessa.
Duvessa is almost dead.
Duvessa barely misses you. Duvessa closely misses you.
You hit Duvessa.
Duvessa is almost dead.
Duvessa hits you but does no damage.
You hit Duvessa.
Duvessa is almost dead.
Duvessa completely misses you. Duvessa hits you with a +0 rapier!
Casting: Magic Dart (safe; 4% risk of failure)
Confirm with . or Enter, or press ? or * to list all spells.
Aiming: Magic Dart (safe; 4% risk of failure)
Press: ? - help, Shift-Dir - straight line, f/p - Duvessa
Aim: Duvessa, wielding a +0 rapier and wearing a +0 leather armour (almost dead, berserk, fast, heavily drained, 100% to hit)
The magic dart hits Duvessa but does no damage.
Duvessa is almost dead.
Duvessa hits you with a +0 rapier!
Casting: Magic Dart (safe; 4% risk of failure)
Confirm with . or Enter, or press ? or * to list all spells.
Aiming: Magic Dart (safe; 4% risk of failure)
Press: ? - help, Shift-Dir - straight line, f/p - Duvessa
Aim: Duvessa, wielding a +0 rapier and wearing a +0 leather armour (almost dead, berserk, fast, heavily drained, 100% to hit)
The magic dart hits Duvessa but does no damage.
Duvessa is almost dead.
Duvessa hits you with a +0 rapier.
* * * LOW HITPOINT WARNING * * *
Duvessa hits you but does no damage.
You closely miss Duvessa.
Duvessa is almost dead.
Duvessa hits you with a +0 rapier.
* * * LOW HITPOINT WARNING * * *
Casting: Magic Dart (safe; 4% risk of failure)
Confirm with . or Enter, or press ? or * to list all spells.
Aiming: Magic Dart (safe; 4% risk of failure)
Press: ? - help, Shift-Dir - straight line, f/p - Duvessa
Aim: Duvessa, wielding a +0 rapier and wearing a +0 leather armour (almost dead, berserk, fast, heavily drained, 100% to hit)
The magic dart hits Duvessa but does no damage.
Duvessa is almost dead.
Duvessa completely misses you. Duvessa hits you with a +0 rapier!
You die...

,,,,**,,,,,,#.##.###
*,,,,**,*,
,,,,**,,,,**#..†...#
*,,,,**,*,
,,,,*****,**#..###.#
*,,,,,,,*, ,,,,*
*,,,#....#.#
*,,,,****, ,,,,*
*,,,#..#.#,# *,,,,*
*, ,,,,*
*,*....#.#,*
*,,,,****, *****
*,*..e##.#,#
*******,,,
*,,..>##.#.# *,**
*****#.e@..# *,**
#.#.### *,,, #.#...*
**** #.###.# #.,,,.#
*******


You could see Duvessa (berserk, fast, very drained).

Vanquished Creatures
  Eustachio (D:4)
  Dowan (D:4)
  An iguana (D:4)
  An ufetubus (D:4)
  A worm (D:2)
  2 dart slugs
  An orc (D:3)
  4 ball pythons
  5 endoplasms
  2 giant cockroaches
  6 goblins
  A hobgoblin (D:2)
  5 jackals
  5 kobolds
  A quokka (D:1)
  7 bats
  A frilled lizard (D:1)
  15 rats
60 creatures vanquished.

Notes
Turn   | Place    | Note
-------+----------+-------------------------------------------
     0 | D:1      | jejorda2 the Kobold Hedge Wizard began the quest for the
                  | Orb.
     0 | D:1      | Reached XP level 1. HP: 10/10 MP: 4/4
   386 | D:1      | Reached XP level 2. HP: 8/16 MP: 0/6
   616 | D:1      | Reached skill level 1 in Fighting
  1349 | D:1      | Reached XP level 3. HP: 10/20 MP: 5/8
  1611 | D:1      | Found a faded altar of an unknown god.
  1813 | D:2      | Found a shadowy altar of Dithmenos.
  2232 | D:2      | Learned a level 3 spell: Mephitic Cloud
  2667 | D:3      | Reached XP level 4. HP: 25/25 MP: 6/9
  3677 | D:4      | Noticed Eustachio
  3715 | D:4      | Killed Eustachio
  3716 | D:4      | Reached skill level 4 in Spellcasting
  3716 | D:4      | Reached skill level 1 in Air Magic
  3716 | D:4      | Reached skill level 1 in Poison Magic
  3716 | D:4      | Reached XP level 5. HP: 31/31 MP: 1/11
  3716 | D:4      | Reached XP level 6. HP: 36/36 MP: 1/12
  4090 | D:4      | Noticed Duvessa
  4095 | D:4      | Noticed Dowan
  4113 | D:4      | Killed Dowan
  4129 | D:4      | Mangled by Duvessa

Illustrated notes

Levels and vault maps discovered:
D:1:      dpeg_arrival_subterranean_lakeside_camping, layout_basic,
          shapermc_ecumenical_altar_mp_vishouse, minmay_misc_feat_doors,
          kennysheep_boxes
D:2:      layout_rooms, basic_altar, minmay_rat_gold_closets
D:3:      layout_loops_ring
D:4:      layout_basic, minmay_strange_pillars, uniq_duvessa, uniq_eustachio,
          uniq_natasha

Skill      XL: |  1  2  3  4 |
---------------+-------------+-----
Fighting       | 1 2 |  2.6
Conjurations   | 2 3 |  3.7
Spellcasting   | 4 |  4.2
Air Magic      | 1 |  1.8
Poison Magic   | 1 |  1.7
Dodging        | |  2.4
Stealth        | |  2.6
Summonings     | |  1.0
Translocations | |  1.0

Action                   |  1- 3 |  4- 6 || total
-------------------------+-------+-------++-------
Melee: Dagger            |    36 |    83 ||   119
       Punch             |       |     1 ||     1
Throw: Dart              |       |     1 ||     1
 Cast: Magic Dart        |    68 |    29 ||    97
       Mephitic Cloud    |       |     4 ||     4
  Use: Scroll            |       |     8 ||     8
       Potion            |       |     4 ||     4
 Stab: Sleeping          |     5 |     1 ||     6
       Confused          |       |     5 ||     5
Armor: Robe              |     1 |       ||     1
       Leather armour    |     3 |    17 ||    20
Dodge: Dodged            |    18 |    54 ||    72
